 Dungeon Crawl Stone Soup version 0.29.0-15-g675c0067aa (webtiles) character file.

Game seed: 11141367202677495531

663 pacmanke6689 the Slasher (level 7, -3/56 HPs)
             Began as a Formicid Fighter on Sept 11, 2022.
             Was an Initiate of Dithmenos.
             Slain by an angel
             ... wielding a +2 whip of holy wrath
             ... created by the Shining One
              (6 damage)
             ... on level 5 of the Dungeon.
             The game lasted 00:19:04 (5515 turns).

pacmanke6689 the Slasher (Formicid Fighter)         Turns: 5515, Time: 00:19:04

Health: -3/56      AC: 10    Str: 21 (22) XL:     7   Next: 87%
Magic:  18/18      EV: 10    Int:  8      God:    Dithmenos [......]
Gold:   222        SH:  5    Dex: 15      Spells: 8/9 levels left

rFire   . . .      SeeInvis +   a - +2 long sword (vamp)
rCold   . . .      Faith    .   c - +0 buckler
rNeg    . . .      Spirit   .   o - +4 ring mail of Rifewi {Dex+2}
rPois   .          Reflect  .   (helmet unavailable)
rElec   .          Harm     .   g - scarf {+Inv}
rCorr   .          Rampage  .   (no gloves)
Will    .....                   (no boots)
Stlth   +.........              (no amulet)
HPRegen 0.18/turn               e - ring of magical power
MPRegen 0.16/turn               (no ring)

@: mighty, glowing, studying Fighting
A: permanent stasis, dig shafts and tunnels, antennae 3, four strong arms,
deterioration 1, noise suppression
a: Dig, Shaft Self, Renounce Religion, Evoke Invisibility


You were on level 5 of the Dungeon.
You worshipped Dithmenos.
Dithmenos was noncommittal.
You visited 2 branches of the dungeon, and saw 6 of its levels.

You collected 222 gold pieces.

Inventory:

Hand Weapons
 a - a +2 vampiric long sword (weapon)
Armour
 c - a +0 buckler (worn)
 g - a scarf of invisibility (worn)
 o - the +4 ring mail of Rifewi (worn) {Dex+2}
   (You found it on level 2 of the Dungeon)

   Dex:       It affects your dexterity (+2).
Jewellery
 e - a ring of magical power (left hand)
Wands
 d - a wand of polymorph (20)
 j - a wand of mindburst (14)
 q - a wand of flame (12)
Scrolls
 l - a scroll of identify
Potions
 b - a potion of resistance
 f - a potion of brilliance
 h - 2 potions of heal wounds
 i - 4 potions of curing
 m - 2 potions of haste
 n - a potion of berserk rage


   Skills:
 + Level 5.3 Fighting
 + Level 5.8 Long Blades
 + Level 4.9 Armour
 - Level 0.1 Dodging
 - Level 0.2 Stealth
 + Level 5.3 Shields
 + Level 1.6 Spellcasting
 + Level 0.3 Conjurations
 + Level 0.5 Air Magic


You had 8 spell levels left.
You knew the following spells:

 Your Spells              Type           Power      Damage    Failure   Level
a - Shock                 Conj/Air       4%         1d3       52%         1

Your spell library contained the following spells:

 Spells                   Type           Power      Damage    Failure   Level
 Magic Dart               Conj           4%         1d3       54%         1
 Apportation              Tloc           0%         N/A       58%         1
 Necrotise                Necr           0%         1d4       58%         1
 Sting                    Tmut/Pois      0%         1d3       58%         1
 Summon Small Mammal      Summ           0%         N/A       58%         1
 Poisonous Vapours        Pois/Air       2%         N/A       67%         2
 Searing Ray              Conj           2%         2d4       67%         2
 Sublimation of Blood     Necr           0%         N/A       73%         2
 Wereblood                Tmut           0%         N/A       73%         2
 Frozen Ramparts          Ice            0%         1d1       91%         3
 Portal Projectile        Hex/Tloc       0%         N/A       91%         3
 Tukima's Dance           Hex            0%         N/A       91%         3
 Fulminant Prism          Conj/Hex       0%         3d6       100%        4
 Ice Form                 Ice/Tmut       0%         N/A       100%        4
 Olgreb's Toxic Radiance  Pois           0%         N/A       100%        4
 Passage of Golubria      Tloc           0%         N/A       100%        4
 Summon Ice Beast         Ice/Summ       0%         N/A       100%        4
 Blade Hands              Tmut           0%         N/A       100%        5
 Silence                  Hex/Air        0%         N/A       100%        5
 Summon Hydra             Summ           0%         N/A       100%        7
 Lehudib's Crystal Spear  Conj/Erth      0%         10d2      100%        8


Dungeon Overview and Level Annotations

Branches:
Dungeon (5/15)             Temple (1/1) D:4

Altars:
Ashenzari
Dithmenos
Elyvilon
Gozag
Hepliaklqana
Kikubaaqudgha
Nemelex Xobeh
Qazlal
Sif Muna
Trog
Uskayaw
Wu Jian
Xom
Yredelemnul
The Shining One

Shops:
D:1 ?   D:2 (   D:4 ?*[


Innate Abilities, Weirdness & Mutations

You cannot be hasted, slowed, berserked, paralysed or teleported.
You can dig through walls and to a lower floor.
You have a pair of large antennae on your head. (SInv)
Your four strong arms can wield two-handed weapons with a shield.
Your body sometimes deteriorates upon taking damage.
You passively dampen the noise of your surroundings.


Message History

You feel very sick. You block the gnoll's attack.
You slash the gnoll!
You feel better.
You kill the gnoll!
Dithmenos accepts your kill.
You feel sick.
You feel sick.
Items here: ))) †††.
You feel sick.
Things that are here:
a +0 spear; a scroll of teleportation You feel sick.
Items here: ))) †††.
Okay, then.
You feel sick.
You feel sick.
You are no longer poisoned.
You hear the quick hiss of a distant avalanche of sand.
You hear the brisk rusting of a distant drain.
The Shining One sends the divine host to punish you for your evil ways!
A daeva and 2 angels come into view.
The daeva is wielding a +3 eudemon blade of holy wrath.
An angel is wielding a +2 whip of holy wrath.
An angel is wielding a +2 whip of holy wrath.
As you read the scroll of fog, it crumbles to dust.
The scroll dissolves into smoke.
You feel very mighty all of a sudden. The angel closely misses you.
The angel hits you with a +2 whip of holy wrath!
The daeva calls down the wrath of the Shining One upon you.
The Shining One smites you! You block the angel's attack. x2
The daeva hits you with a +3 eudemon blade of holy wrath!!
* * * LOW HITPOINT WARNING * * *
The daeva hits you with a +3 eudemon blade of holy wrath.
* * * LOW HITPOINT WARNING * * *
Things that are here:
a +0 flail; a +0 spear; a +0 ring mail of poison resistance You slash the daeva!
The daeva is lightly wounded.
The angel hits you with a +2 whip of holy wrath.
You die...

.>.#..........##.#
.#.#..........#.##.#
.............#.##.#
.................#
>.....#.###.#.##.#
.#..........#.##.# #.#
##§###.......##.#
#....##§############.#
......§AA@A§.........#
######################


You could see a daeva and 2 angels.

Vanquished Creatures
  Duvessa (D:4)
  A gnoll sergeant (D:5)
  Dowan (D:4)
  A centaur zombie (D:4)
  3 jellies
  A hound (D:4)
  Ijyb (D:5)
  A scorpion zombie (D:4)
  A hound zombie (D:4)
  Robin (D:4)
  3 adders
  8 gnolls
  An adder zombie (D:4)
  A worm (D:2)
  7 dart slugs
  4 orcs
  5 ball pythons
  11 endoplasms
  6 giant cockroaches
  13 goblins
  7 hobgoblins
  6 jackals (D:3)
  3 quokkas
  6 bats
  6 frilled lizards
  7 kobolds
  2 rats
108 creatures vanquished.

Vanquished Creatures (others)
  2 plants (D:1)
2 creatures vanquished.

Grand Total: 110 creatures vanquished

Notes
Turn   | Place    | Note
-------+----------+-------------------------------------------
     0 | D:1      | pacmanke6689 the Formicid Fighter began the quest for the
                  | Orb.
     0 | D:1      | Reached XP level 1. HP: 18/18 MP: 1/1
   324 | D:1      | Reached XP level 2. HP: 20/24 MP: 2/2
   478 | D:1      | Found a faded altar of an unknown god.
   486 | D:1      | Found Miecwut's Magic Scroll Boutique.
   507 | D:1      | Got Plato's Discursus on Combat Magic
   561 | D:1      | Reached XP level 3. HP: 29/29 MP: 3/3
   563 | D:1      | Learned a level 1 spell: Shock
   903 | D:1      | Gained mutation: You are frail. (-10% HP) [mutagenic glow]
  1472 | D:2      | Found Fuigusaa's Weapon Boutique.
  1522 | D:2      | Reached skill level 1 in Spellcasting
  1522 | D:2      | Reached XP level 4. HP: 10/32 MP: 5/5
  1893 | D:2      | Gained mutation: You occasionally lose the ability to drink
                  | potions when taking damage. [mutagenic glow]
  2321 | D:2      | Gained mutation: Your magical capacity is low. (-10% MP)
                  | [mutagenic glow]
  2610 | D:2      | Identified the +4 ring mail of Rifewi {Dex+2}
  3277 | D:3      | Reached XP level 5. HP: 36/36 MP: 6/6
  3560 | D:3      | Lost mutation: Your magical capacity is low. (-10% MP)
                  | [potion of mutation]
  3560 | D:3      | Lost mutation: You are frail. (-10% HP) [potion of
                  | mutation]
  3560 | D:3      | Gained mutation: Your body sometimes deteriorates upon
                  | taking damage. [potion of mutation]
  3560 | D:3      | Gained mutation: Your spells are a little harder to cast,
                  | but a little more powerful. [potion of mutation]
  3560 | D:3      | Gained mutation: Your spells are harder to cast, but more
                  | powerful. [potion of mutation]
  3561 | D:3      | Lost mutation: You occasionally lose the ability to drink
                  | potions when taking damage. [potion of mutation]
  3561 | D:3      | Lost mutation: Your spells are harder to cast, but more
                  | powerful. [potion of mutation]
  3561 | D:3      | Lost mutation: Your spells are a little harder to cast, but
                  | a little more powerful. [potion of mutation]
  3561 | D:3      | Gained mutation: You passively dampen the noise of your
                  | surroundings. [potion of mutation]
  3864 | D:4      | Found Alebe's Magic Scroll Shop.
  3889 | D:4      | Identified a scroll of acquirement
  3889 | D:4      | Acquired a manual of Fighting
  3979 | D:4      | Reached XP level 6. HP: 47/48 MP: 8/8
  3990 | D:4      | Found a stormy altar of Qazlal.
  4000 | D:4      | Found Vaddug's Antique Armour Shop.
  4146 | D:4      | Found a basalt altar of Yredelemnul.
  4186 | D:4      | Found Laohirph Tudu's Assorted Antiques.
  4250 | D:4      | Found an opulent altar of Gozag.
  4350 | D:4      | Found a staircase to the Ecumenical Temple.
  4372 | Temple   | Entered the Ecumenical Temple
  4388 | Temple   | Became a worshipper of the Shining One
  4416 | D:4      | Noticed Duvessa
  4416 | D:4      | Noticed Dowan
  4420 | D:4      | Was placed under penance by the Shining One
  4431 | D:4      | Killed Duvessa
  4432 | D:4      | Reached XP level 7. HP: 42/55 MP: 9/9
  4443 | D:4      | Fell from the grace of the Shining One
  4443 | D:4      | Killed Dowan
  4444 | D:4      | Reached skill level 5 in Long Blades
  4444 | D:4      | Reached skill level 5 in Shields
  4460 | Temple   | Became a worshipper of Dithmenos the Shadowed
  4802 | D:4      | Noticed Robin
  4812 | D:4      | Killed Robin
  4878 | D:4      | Reached skill level 5 in Fighting
  5054 | D:5      | Entered Level 5 of the Dungeon
  5141 | D:5      | Noticed Ijyb
  5151 | D:5      | Killed Ijyb
  5381 | D:5      | Found a sparkling altar of Nemelex Xobeh.
  5512 | D:5      | Noticed a daeva
  5512 | D:5      | Noticed an angel
  5512 | D:5      | Noticed an angel
  5515 | D:5      | Slain by an angel

Illustrated notes

Levels and vault maps discovered:
D:1:      scummos_arrival_simple_fountains, layout_loops_ring, serial_shops,
          shop, shapermc_ecumenical_altar_rom_forum,
          chequers_serial_rivers_micro_b, chequers_serial_rivers_micro_d
D:2:      layout_loops_ring, serial_shops, nicolae_shop_bloodbath_and_beyond,
          hex_medium
D:3:      layout_loops_ring
D:4:      minmay_spotlight, layout_loops_ring, nicolae_yredelemnul_corpse_copse,
          nicolae_qazlal_eye_of_the_storm, grunt_gozag_statues,
          temple_fountains, serial_shops, kennysheep_mini, shop, shop,
          minmay_box_of_dots, uniq_robin, uniq_duvessa
D:5:      layout_loops_ring, general_overflow_altar, portal_sewer_entry_e,
          gup_ossuary_entry_pyramid, uniq_ijyb
Temple:   minmay_freezing_vapour_temple

Skill      XL: |  1  2  3  4  5  6  7 |
---------------+----------------------+-----
Spellcasting   | 1 |  1.6
Long Blades    | 3 4 5 |  5.8
Armour         | 4 |  4.9
Fighting       | 4 5 |  5.3
Shields        | 5 |  5.3
Dodging        | |  0.1
Stealth        | |  0.2
Conjurations   | |  0.3
Air Magic      | |  0.5

Action                   |  1- 3 |  4- 6 |  7- 9 || total
-------------------------+-------+-------+-------++-------
Melee: Long sword        |   114 |   213 |    89 ||   416
 Cast: Shock             |     2 |     5 |       ||     7
  Use: Scroll            |     4 |    12 |     3 ||    19
       Potion            |       |     3 |     3 ||     6
Armor: Scale mail        |    59 |    38 |       ||    97
       Ring mail         |       |    94 |    50 ||   144
Dodge: Dodged            |    51 |   120 |    29 ||   200
Block: Buckler           |    28 |    53 |    21 ||   102
